[Event "Championnat de France Alpe d'Huez 2023 "]
[Site "ALPE D'HUEZ, France"]
[Date "2023.08.23"]
[Round "5.5"]
[White "OUNGRE, Laurent"]
[Black "GELY, Yann"]
[Result "1-0"]
[ECO "E18"]
[WhiteElo "1978"]
[BlackElo "2117"]
[PlyCount "155"]
[EventDate "2023.08.??"]
[TimeControl "1/40+30:0"]

1. d4 {3} Nf6 {54} 2. c4 {7} e6 {133} 3. Nf3 {9} d5 {8} 4. Nc3 {6} Be7 {8} 5.
g3 {32} O-O {104} 6. Bg2 {6} b6 {529} 7. cxd5 {130} exd5 {11} 8. O-O {8} Bb7 {
32} 9. Bf4 {32} Nbd7 {497} 10. Rc1 {34} c5 {190} 11. dxc5 {79} Nxc5 {456} 12.
Nd4 {315} Nfe4 {266} 13. b4 {1898} Nxc3 {483} 14. Rxc3 {5} Ne4 {664} 15. Rc7 {8
} Rb8 {33} 16. Qa4 {1188} Bd6 {840} 17. Bxd6 {83} Qxd6 {407} 18. Rfc1 {91} Nc5
{82} 19. bxc5 {156} Qxc7 {7} 20. c6 {8} a6 {249} 21. Bxd5 {190} Rbd8 {19} 22.
Qc4 {276} Bc8 {73} 23. e4 {214} h5 {129} 24. h4 {126} b5 {36} 25. Qe2 {59} Bg4
{26} 26. Qe3 {5} Rfe8 {92} 27. Qg5 {130} Re5 {273} 28. Qf4 {0} Re7 {44} 29.
Qxc7 {76} Rxc7 {2} 30. f3 {161} Bc8 {174} 31. Kf2 {128} Kf8 {33} 32. Ke3 {76}
g6 {24} 33. Bb3 {202} Ke7 {174} 34. e5 {69} Be6 {93} 35. Ke4 {128} Bf5+ {119}
36. Nxf5+ {107} gxf5+ {1} 37. Kxf5 {8} Rd3 {79} 38. Ke4 {29} Rd2 {6} 39. Rc5 {
207} Re2+ {117} 40. Kf5 {66} Re3 {25} 41. Bd5 {95} f6 {233} 42. Be4 {19} fxe5 {
8} 43. Rxe5+ {34} Kd6 {31} 44. Rd5+ {138} Ke7 {110} 45. Rd2 {435} Rc3 {1072}
46. Kg6 {139} Rc5 {24} 47. g4 {204} hxg4 {15} 48. fxg4 {7} Rc4 {247} 49. Re2 {
12} Kf8 {23} 50. Kh6 {641} Re7 {79} 51. Rf2+ {10} Ke8 {7} 52. Bg6+ {71} Kd8 {1}
53. Kg5 {177} Rxc6 {95} 54. h5 {27} Re5+ {127} 55. Bf5 {142} Ke7 {15} 56. h6 {
17} Kf7 {19} 57. Rd2 {23} Rg6+ {101} 58. Kh5 {49} Rg8 {3} 59. Rd7+ {34} Kf6 {
170} 60. Rd6+ {37} Ke7 {32} 61. Rxa6 {13} Re1 {4} 62. Kh4 {162} Rh1+ {35} 63.
Kg3 {4} Rg1+ {51} 64. Kf3 {50} Rf1+ {32} 65. Ke4 {17} Re1+ {29} 66. Kf3 {29}
Rf1+ {16} 67. Ke2 {4} Rg1 {49} 68. h7 {6} Rh8 {15} 69. Kf2 {2} Rh1 {39} 70. Kg3
{30} Kf7 {34} 71. Kf4 {32} Kg7 {25} 72. Ra7+ {10} Kh6 {32} 73. Ra6+ {26} Kg7 {7
} 74. Kg5 {10} Rc1 {57} 75. Ra7+ {11} Kf8 {5} 76. Kf6 {16} Re1 {55} 77. Ra8+ {8
} Re8 {2} 78. Rxe8+ {11} 1-0

[Event "Championnat de France Alpe d'Huez 2023 "]
[Site "ALPE D'HUEZ, France"]
[Date "2023.08.23"]
[Round "5.6"]
[White "DE CARVALHO M. , Raphael"]
[Black "RONCE, Nathan"]
[Result "1/2-1/2"]
[ECO "B38"]
[WhiteElo "1987"]
[BlackElo "2154"]
[PlyCount "55"]
[EventDate "2023.08.??"]
[TimeControl "1/40+30:0"]

1. e4 {1} c5 {469} 2. Nf3 {5} Nc6 {8} 3. d4 {5} cxd4 {5} 4. Nxd4 {3} g6 {13} 5.
c4 {9} Bg7 {97} 6. Be3 {4} Nf6 {140} 7. Nc3 {5} d6 {100} 8. Be2 {14} O-O {11}
9. O-O {17} Bd7 {35} 10. Qd2 {19} Nxd4 {93} 11. Bxd4 {6} Bc6 {6} 12. f3 {4} Nd7
{72} 13. Be3 {5} a5 {23} 14. Rab1 {307} Nc5 {290} 15. b3 {35} Qb6 {285} 16. Qc2
{231} Rfc8 {309} 17. Rfd1 {161} Qb4 {310} 18. Bd2 {288} Qb6 {373} 19. Be3 {13}
Qb4 {45} 20. Nd5 {284} Bxd5 {59} 21. exd5 {9} Nd7 {990} 22. Qc1 {852} Qc3 {562}
23. Kf2 {341} b6 {289} 24. Bd3 {359} Rc7 {365} 25. g4 {433} Qf6 {770} 26. Bg5 {
13} Qe5 {55} 27. Bf4 {26} Qf6 {32} 28. Bg5 {27} 1/2-1/2

[Event "Championnat de France Alpe d'Huez 2023 "]
[Site "ALPE D'HUEZ, France"]
[Date "2023.08.23"]
[Round "5.7"]
[White "PILLARD, Valentin"]
[Black "DESSYN, Timothee"]
[Result "1/2-1/2"]
[ECO "B53"]
[WhiteElo "2140"]
[BlackElo "1967"]
[PlyCount "114"]
[EventDate "2023.08.??"]
[TimeControl "1/40+30:0"]

1. e4 {2} c5 {8} 2. Nf3 {4} d6 {5} 3. d4 {46} cxd4 {6} 4. Qxd4 {8} Nc6 {33} 5.
Bb5 {14} Bd7 {7} 6. Bxc6 {6} Bxc6 {4} 7. Nc3 {16} Nf6 {6} 8. Bg5 {11} e6 {6} 9.
O-O-O {32} Be7 {6} 10. Qd3 {40} Qa5 {20} 11. h4 {15} h6 {6} 12. Bd2 {19} Qa6 {
57} 13. Qxa6 {6} bxa6 {3} 14. Rhe1 {20} Ng4 {6} 15. Bf4 {52} e5 {871} 16. Bg3 {
28} O-O {45} 17. Nd5 {1564} Bd8 {1435} 18. Ng1 {349} f5 {519} 19. exf5 {139}
Nf6 {158} 20. Ne3 {322} Bc7 {95} 21. c4 {364} Ba5 {364} 22. Rf1 {77} Rfd8 {165}
23. Ne2 {103} Rac8 {287} 24. b3 {430} Bb6 {307} 25. Kb2 {428} Bxe3 {367} 26.
fxe3 {7} Ng4 {18} 27. Rd3 {535} Be4 {74} 28. Rc3 {21} Bxg2 {9} 29. Rg1 {340}
Bf3 {107} 30. Nc1 {132} Rf8 {59} 31. Rd3 {375} Rc6 {46} 32. Be1 {44} e4 {66}
33. Rc3 {163} Rxf5 {123} 34. Bg3 {96} Rfc5 {122} 35. Re1 {304} d5 {322} 36. Ne2
{332} Bxe2 {45} 37. Rxe2 {0} dxc4 {103} 38. Rec2 {8} Rc8 {318} 39. Rxc4 {70}
Rxc4 {5} 40. Rxc4 {6} Rxc4 {35} 41. bxc4 {1} Nxe3 {85} 42. Kc3 {464} Kf7 {515}
43. Kb4 {50} Nf5 {527} 44. Bf2 {595} e3 {170} 45. Be1 {7} Nd4 {16} 46. Bg3 {42}
Ke7 {423} 47. Ka5 {202} e2 {128} 48. Kxa6 {27} Nf3 {23} 49. c5 {23} e1=Q {127}
50. Bxe1 {4} Nxe1 {5} 51. c6 {16} Nd3 {19} 52. Kxa7 {87} Kd6 {381} 53. Kb7 {17}
Nc5+ {44} 54. Kb6 {5} Na4+ {12} 55. Kb7 {20} Nc5+ {2} 56. Kb6 {5} Ne6 {58} 57.
h5 {287} Nc5 {17} 1/2-1/2

[Event "Championnat de France Alpe d'Huez 2023 "]
[Site "ALPE D'HUEZ, France"]
[Date "2023.08.23"]
[Round "5.8"]
[White "LISSILOUR, Baptiste"]
[Black "NICOLAS, Guillaume"]
[Result "1-0"]
[ECO "C18"]
[WhiteElo "2198"]
[BlackElo "2061"]
[PlyCount "75"]
[EventDate "2023.08.??"]
[TimeControl "1/40+30:0"]

1. e4 {30} e6 {9} 2. d4 {61} d5 {9} 3. Nc3 {8} Bb4 {14} 4. e5 {13} c5 {10} 5.
a3 {7} Bxc3+ {7} 6. bxc3 {4} Ne7 {14} 7. h4 {20} Nbc6 {37} 8. h5 {137} Qa5 {22}
9. Bd2 {25} cxd4 {17} 10. cxd4 {7} Qa4 {14} 11. c3 {80} Qb3 {15} 12. Qc2 Qxc2 {
0} 13. Rc1 {45} Qd1+ 14. Rxd1 {0} h6 {15} 15. Bd3 {132} Bd7 {120} 16. Rh3 {307}
Na5 {916} 17. Rb1 {32} b6 {435} 18. Nf3 {516} Rc8 {655} 19. Nh4 {268} Nc4 {319}
20. Bc1 {98} O-O {773} 21. g4 {294} Rc7 {465} 22. g5 {367} hxg5 {190} 23. Bxg5
{153} Nf5 {35} 24. Nxf5 {190} exf5 {86} 25. h6 {35} gxh6 {1441} 26. Rxh6 {465}
Kg7 {10} 27. Ke2 {91} Rg8 {134} 28. Rbh1 {300} Rc6 {145} 29. Bf6+ {22} Kf8 {6}
30. Rh8 {16} Rxf6 {8} 31. exf6 {7} Nxa3 {15} 32. Rxg8+ {165} Kxg8 {3} 33. Ra1 {
1} Nb5 {43} 34. Bxb5 {6} Bxb5+ {3} 35. Ke3 {7} a6 {44} 36. Kf4 {36} Bc4 {201}
37. Ke5 {37} a5 {34} 38. Kd6 {8} 1-0

[Event "Championnat de France Alpe d'Huez 2023 "]
[Site "ALPE D'HUEZ, France"]
[Date "2023.08.24"]
[Round "6.5"]
[White "TREVISIOL, Antoine"]
[Black "OUNGRE, Laurent"]
[Result "0-1"]
[ECO "E70"]
[WhiteElo "2163"]
[BlackElo "1978"]
[PlyCount "128"]
[EventDate "2023.08.??"]
[TimeControl "1/40+30:0"]

1. d4 {3} Nf6 {9} 2. c4 {12} g6 {6} 3. Nc3 {16} Bg7 {6} 4. e4 {15} O-O {6} 5.
f3 {15} c5 {47} 6. d5 {91} d6 {39} 7. Nge2 {32} e6 {64} 8. Ng3 {36} a6 {13} 9.
a4 {27} h5 {35} 10. Be2 {18} Nh7 {87} 11. Bd3 {776} exd5 {503} 12. cxd5 {54}
Nd7 {9} 13. Be3 {79} Ne5 {220} 14. O-O {192} Bd7 {164} 15. Qe2 {532} b5 {782}
16. axb5 {251} Nxd3 {7} 17. Qxd3 {8} axb5 {15} 18. Rxa8 {827} Qxa8 {8} 19. f4 {
8} b4 {459} 20. Nd1 {27} Qb7 {322} 21. Qd2 {246} Nf6 {145} 22. Nf2 {1536} h4 {
335} 23. Ne2 {8} Re8 {14} 24. Qc2 {47} b3 {170} 25. Qd3 {136} Qb5 {71} 26. Qd2
{226} h3 {553} 27. Nc3 {70} Qc4 {60} 28. Rc1 {95} Ng4 {341} 29. Ncd1 {405} Qa6
{282} 30. Nxg4 {16} Bxg4 {51} 31. Nf2 {82} Qe2 {131} 32. Re1 {348} Qxd2 {40}
33. Bxd2 {2} Bd7 {37} 34. gxh3 {133} Bb5 {533} 35. Re3 {45} Bc4 {109} 36. Kg2 {
62} Bxb2 {150} 37. Nd1 {24} Bd4 {9} 38. Re1 {35} b2 {51} 39. Nxb2 {15} Bxb2 {7}
40. Kf3 {6} f5 {203} 41. Rb1 {80} fxe4+ {31} 42. Kg3 {14} Bd4 {35} 43. Rb6 {16}
e3 {17} 44. Be1 {5} Rd8 {39} 45. Kg4 {152} Bf6 {70} 46. Kf3 {43} Bd4 {107} 47.
Kg4 {10} Bxd5 {5} 48. Kg5 {24} Kg7 {73} 49. Ra6 {27} Rd7 {32} 50. h4 {36} Be6 {
63} 51. f5 {33} gxf5 {87} 52. h5 {21} Be5 {114} 53. h6+ {89} Kh7 {18} 54. Ra8 {
81} Re7 {48} 55. Ba5 {76} e2 {36} 56. h4 {51} f4 {23} 57. Rf8 {28} Rf7 {22} 58.
Re8 {25} Rf5+ {55} 59. Kg4 {20} Rf6+ {4} 60. Kf3 {37} Bd5+ {33} 61. Kxe2 {65}
f3+ {27} 62. Kf2 {90} Bd4+ {7} 63. Kg3 {6} f2 {18} 64. Re7+ {9} Rf7 {22} 0-1

[Event "Championnat de France Alpe d'Huez 2023 "]
[Site "ALPE D'HUEZ, France"]
[Date "2023.08.24"]
[Round "6.6"]
[White "MATHEZ, Florian"]
[Black "LISSILOUR, Baptiste"]
[Result "1/2-1/2"]
[ECO "B51"]
[WhiteElo "2101"]
[BlackElo "2198"]
[PlyCount "110"]
[EventDate "2023.08.??"]
[TimeControl "1/40+30:0"]

1. e4 {2} c5 {61} 2. Nf3 {11} d6 {38} 3. Bb5+ {7} Nd7 {20} 4. d4 {5} cxd4 {40}
5. Qxd4 {7} a6 {22} 6. Bxd7+ {5} Bxd7 {8} 7. Nc3 {5} e5 {282} 8. Qd3 {5} Rc8 {
219} 9. Nd2 {129} Be6 {199} 10. O-O {271} Nf6 {192} 11. Rd1 {214} d5 {359} 12.
exd5 {725} Nxd5 {2} 13. Nxd5 {115} Qxd5 {33} 14. Qxd5 {38} Bxd5 {2} 15. c3 {154
} Be7 {712} 16. Nf3 {929} Bxf3 {129} 17. gxf3 {6} Rc6 {538} 18. Be3 {633} Bd6 {
53} 19. Rd5 {143} Ke7 {315} 20. Rad1 {277} Ke6 {121} 21. c4 {312} Rhc8 {26} 22.
b3 {51} g5 {135} 23. Kf1 {87} f6 {11} 24. Ke2 {77} Be7 {271} 25. R5d2 {788} h5
{186} 26. h3 {344} R8c7 {245} 27. Rd5 {79} Rc8 {151} 28. a4 {110} Kf5 {716} 29.
a5 {277} Ke6 {1} 30. Bb6 {45} Bd6 {309} 31. Be3 {261} h4 {107} 32. Bb6 {86} Bc5
{144} 33. Bxc5 {122} Rxc5 {2} 34. Rd7 {51} R8c7 {124} 35. R1d6+ {7} Kf5 {4} 36.
Rxc7 {17} Rxc7 {1} 37. Rb6 {461} Rc5 {0} 38. Rxb7 {40} Rxa5 {2} 39. Rb6 {103}
Ra2+ {18} 40. Ke3 {46} Rc2 {189} 41. Rxa6 {472} Rc3+ {10} 42. Ke2 {49} Rxb3 {60
} 43. c5 {154} Rc3 {253} 44. Rc6 {18} Rc2+ {752} 45. Kf1 {135} Rc4 {180} 46.
Kg2 {19} Rc3 {89} 47. Rc8 {104} Kf4 {584} 48. c6 {23} Rxf3 {141} 49. Rf8 {11}
Rc3 {6} 50. Rxf6+ {8} Ke4 {1} 51. Kh2 {188} Rc2 {37} 52. Kg2 {29} Rc3 {4} 53.
Kh2 {10} Rc4 {118} 54. Kg1 {77} Rc1+ {120} 55. Kh2 {9} Rc3 {88} 1/2-1/2

[Event "Championnat de France Alpe d'Huez 2023 "]
[Site "ALPE D'HUEZ, France"]
[Date "2023.08.24"]
[Round "6.7"]
[White "RONCE, Nathan"]
[Black "PRODHOMME, Boris"]
[Result "1/2-1/2"]
[ECO "B29"]
[WhiteElo "2154"]
[BlackElo "2043"]
[PlyCount "62"]
[EventDate "2023.08.??"]
[TimeControl "1/40+30:0"]

1. e4 {252} c5 {5} 2. Nf3 {67} Nf6 {16} 3. e5 {26} Nd5 {7} 4. Nc3 {4} Nxc3 {11}
5. dxc3 {15} Nc6 {10} 6. Bf4 {188} Qb6 {20} 7. Bd3 {597} h6 {395} 8. O-O {857}
Qxb2 {493} 9. Re1 {483} e6 {598} 10. Nd2 {292} Qb6 {1311} 11. Qg4 {1015} g5 {
773} 12. Bg3 {167} Qd8 {325} 13. Qh5 {209} d5 {315} 14. exd6 {46} Bxd6 {4} 15.
Ne4 {181} Bxg3 {114} 16. fxg3 {35} Kf8 {402} 17. Rf1 {125} f5 {101} 18. g4 {179
} Qe8 {278} 19. Qxe8+ {301} Kxe8 {1} 20. gxf5 {26} exf5 {64} 21. Nd6+ {112} Ke7
{100} 22. Nxc8+ {17} Raxc8 {81} 23. Rxf5 {70} Rhf8 {39} 24. Rxc5 {47} Kd6 {9}
25. Rb5 {154} b6 {92} 26. Rd1 {114} Kc7 {101} 27. Rd5 {92} Rcd8 {161} 28. Rxd8
{45} Rxd8 {118} 29. Re1 {39} Kd6 {80} 30. Re4 {69} Rf8 {133} 31. Bc4 {237} Rf6
{11} 1/2-1/2

[Event "Championnat de France Alpe d'Huez 2023 "]
[Site "ALPE D'HUEZ, France"]
[Date "2023.08.24"]
[Round "6.8"]
[White "DE CARVALHO M., Raphael"]
[Black "PILLARD, Valentin"]
[Result "1/2-1/2"]
[ECO "B13"]
[WhiteElo "1987"]
[BlackElo "2140"]
[PlyCount "114"]
[EventDate "2023.08.??"]
[TimeControl "1/40+30:0"]

1. e4 {2} c6 {2} 2. d4 {27} d5 {2} 3. exd5 {27} cxd5 {3} 4. Bd3 {6} Nf6 {7} 5.
h3 {5} g6 {96} 6. Nf3 {70} Nc6 {23} 7. O-O {45} Bf5 {309} 8. Bxf5 {75} gxf5 {1}
9. Re1 {80} e6 {31} 10. c3 {188} Ne4 {88} 11. Nbd2 {168} Rg8 {285} 12. Qb3 {91}
Qc7 {194} 13. c4 {766} O-O-O {397} 14. cxd5 {85} exd5 {284} 15. Nf1 {60} Bb4 {
492} 16. Re3 {476} f6 {1688} 17. Bd2 {679} Rxg2+ {214} 18. Kxg2 {6} Rg8+ {3}
19. Ng5 {86} Bxd2 {1183} 20. Nxd2 {51} Rxg5+ {53} 21. Rg3 {11} Rxg3+ {79} 22.
fxg3 {6} Nxd2 {19} 23. Qxd5 {19} Qd7 {264} 24. Qxd7+ {148} Kxd7 {3} 25. b3 {125
} Kd6 {39} 26. Rd1 {243} Ne4 {21} 27. g4 {66} fxg4 {54} 28. hxg4 {109} b5 {49}
29. Kf3 {39} Nc3 {10} 30. Rd2 {14} a5 {47} 31. Ke3 {34} Kd5 {260} 32. Rh2 {73}
b4 {49} 33. Kd3 {38} Ne4 {44} 34. Rh5+ {57} Ng5 {7} 35. Rh6 {42} Ne4 {54} 36.
Rh5+ {66} Ng5 {2} 37. Rh6 {5} Nxd4 {99} 38. Rxf6 {26} Ne4 {6} 39. Rf7 {41} Nc6
{86} 40. Rd7+ {449} Nd6 {19} 41. Rxh7 {22} Ne5+ {24} 42. Kc2 {89} Nxg4 {297}
43. Ra7 {17} Kd4 {177} 44. Rxa5 {127} Ne3+ {7} 45. Kc1 {38} Nd5 {40} 46. Kb2 {
70} Nb7 {79} 47. Ra8 {71} Nc5 {13} 48. Rd8 {77} Nd3+ {37} 49. Kc2 {15} Ne1+ {23
} 50. Kd1 {95} Nd3 {43} 51. Kd2 {13} Nc5 {13} 52. Kc2 {32} Ne6 {59} 53. Rc8 {47
} Nc5 {13} 54. Rc6 {194} Ne3+ {39} 55. Kd2 {174} Nd5 {16} 56. Kc2 {55} Ne3+ {8}
57. Kd2 {141} Ke5 {5} 1/2-1/2

[Event "Championnat de France Alpe d'Huez 2023 "]
[Site "ALPE D'HUEZ, France"]
[Date "2023.08.25"]
[Round "7.5"]
[White "CASSAM-CHENAI, Antoine"]
[Black "OUNGRE, Laurent"]
[Result "1/2-1/2"]
[ECO "D04"]
[WhiteElo "2113"]
[BlackElo "1978"]
[PlyCount "99"]
[EventDate "2023.08.??"]
[TimeControl "1/40+30:0"]

1. d4 {7} d5 {109} 2. Nf3 {22} Nf6 {77} 3. e3 {32} c5 {11} 4. b3 {38} Nc6 {24}
5. Bb2 {68} cxd4 {32} 6. exd4 {48} Bg4 {20} 7. Bd3 {151} e6 {19} 8. O-O {30}
Bd6 {28} 9. Nbd2 {125} O-O {46} 10. c4 {152} Rc8 {109} 11. Rc1 {95} Bf4 {295}
12. c5 {480} Ne4 {550} 13. Nxe4 {41} dxe4 {17} 14. Bxe4 {5} Bxc1 {5} 15. Qxc1 {
205} Bxf3 {154} 16. Bxf3 {7} Nxd4 {15} 17. Bg4 {308} Qh4 {353} 18. Qd1 {171}
Rcd8 {197} 19. g3 {219} Qf6 {19} 20. Qa1 {68} Rd5 {189} 21. f4 {1187} Rfd8 {116
} 22. Kh1 {168} Qg6 {93} 23. Bh3 {111} Nc2 {208} 24. Qc1 {11} Rd2 {30} 25. f5 {
110} Qh5 {35} 26. fxe6 {13} Qd5+ {81} 27. Kg1 {4} Qxc5+ {10} 28. Kh1 {9} Qd5+ {
15} 29. Kg1 {6} fxe6 {27} 30. Ba3 {401} Qd4+ {78} 31. Kh1 {5} Qe4+ {3} 32. Kg1
{5} Qe3+ {2} 33. Kh1 {6} Qe2 {5} 34. Bxe6+ {42} Qxe6 {2} 35. Qxd2 {16} Qe4+ {38
} 36. Kg1 {10} Nd4 {94} 37. Qg2 {202} Qxg2+ {443} 38. Kxg2 {0} Nc2 {230} 39.
Bc1 {253} h5 {238} 40. Bf4 {170} Nb4 {107} 41. h4 {1001} a6 {222} 42. Bg5 {103}
Rd3 {65} 43. Rf3 {157} Rxf3 {517} 44. Kxf3 {3} Kf7 {66} 45. a4 {256} Ke6 {49}
46. Ke4 {136} Nc6 {121} 47. Bd2 {169} g6 {143} 48. Bf4 {498} Na5 {394} 49. b4 {
19} Nc6 {10} 50. b5 {195} 1/2-1/2

[Event "Championnat de France Alpe d'Huez 2023 "]
[Site "ALPE D'HUEZ, France"]
[Date "2023.08.25"]
[Round "7.6"]
[White "MARTIN, Nils"]
[Black "VU DINH, Adrien"]
[Result "1/2-1/2"]
[ECO "B30"]
[WhiteElo "1986"]
[BlackElo "2189"]
[PlyCount "177"]
[EventDate "2023.08.??"]
[TimeControl "1/40+30:0"]

1. e4 {19} c5 {2} 2. Nf3 {4} e6 {5} 3. Nc3 {26} Nc6 {7} 4. Bb5 {10} Nd4 {5} 5.
O-O {17} a6 {7} 6. Bd3 {11} Nc6 {6} 7. Re1 {89} g5 {22} 8. h3 {70} h5 {60} 9.
Nh2 {34} g4 {146} 10. hxg4 {160} hxg4 {62} 11. Qxg4 {13} c4 {2231} 12. Be2 {260
} Qc7 {301} 13. Nf3 {325} Nd4 {1534} 14. Bd1 {125} Nxf3+ {128} 15. Bxf3 {29}
Qh2+ {91} 16. Kf1 {6} Bd6 {415} 17. d4 {200} cxd3 {45} 18. cxd3 {19} Ne7 {66}
19. g3 {164} Nc6 {184} 20. Bf4 {180} Bxf4 {98} 21. Qxf4 {25} Nd4 {217} 22. Rac1
{60} d6 {54} 23. Bg2 {156} e5 {47} 24. Qf6 {385} Rh6 {105} 25. Qg5 {18} Rg6 {
199} 26. Qh4 {44} Qxh4 {20} 27. gxh4 {0} Be6 {26} 28. Nd5 {114} Bxd5 {66} 29.
exd5 {1} Kd8 {93} 30. f4 {143} Rf6 {26} 31. Re4 {26} Rxf4+ {50} 32. Rxf4 {7}
exf4 {0} 33. Rc4 {34} Nb5 {44} 34. a4 {41} Nc7 {4} 35. Rxf4 {10} Ke7 {0} 36.
Rc4 {74} Ne8 {11} 37. a5 {20} Rb8 {81} 38. b4 {72} b6 {71} 39. Rc6 {14} bxa5 {2
} 40. bxa5 {1} Rb2 {59} 41. Rxa6 {80} Ra2 {193} 42. Ra7+ {178} Kf6 {212} 43. h5
{29} Ng7 {235} 44. Bf3 {331} Nf5 {13} 45. Ke1 {464} Ra1+ {135} 46. Kd2 {92} Nd4
{25} 47. Bd1 {0} Ra2+ {38} 48. Ke1 {267} Ra1 {194} 49. Ra6 {457} Nf5 {192} 50.
Kd2 {153} Ke5 {220} 51. Bg4 {353} Nh6 {367} 52. Bf3 {20} Nf5 {105} 53. Be4 {68}
Nh6 {74} 54. Ra8 {74} f5 {75} 55. Bf3 {103} Kf4 {26} 56. Bd1 {46} Ra2+ {53} 57.
Kc3 {63} Ra1 {26} 58. Bb3 {45} Kg5 {132} 59. Kb2 {48} Re1 {6} 60. Rd8 {34} f4 {
15} 61. Rxd6 {131} f3 {15} 62. Rg6+ {86} Kf5 {120} 63. Rxh6 {27} f2 {21} 64.
Rh8 {26} f1=Q {39} 65. Rf8+ {6} Ke5 {12} 66. Rxf1 {10} Rxf1 {0} 67. a6 {125}
Rf7 {75} 68. h6 {215} Kd6 {30} 69. Ba4 {33} Rh7 {32} 70. Bc6 {100} Kc5 {16} 71.
Bb7 {87} Kb6 {9} 72. Kc3 {106} Rxh6 {4} 73. Kd4 {5} Rh4+ {76} 74. Ke5 {4} Rh5+
{6} 75. Kf6 {7} Rh6+ {65} 76. Ke5 {23} Rh5+ {4} 77. Kd4 {0} Rh4+ {15} 78. Kc3 {
0} Rh6 {45} 79. Kc4 {134} Rh4+ {41} 80. d4 {8} Rh6 {21} 81. Kc3 {176} Rh3+ {29}
82. Kb4 {2} Rh4 {33} 83. Kc4 {12} Rh6 {3} 84. Bc8 {221} Rh8 {0} 85. Be6 {37}
Ra8 {54} 86. Bd7 {25} Rxa6 {31} 87. d6 {1} Ra5 {24} 88. d5 {29} Ra8 {30} 89.
Bc6 {81} 1/2-1/2

[Event "Championnat de France Alpe d'Huez 2023 "]
[Site "ALPE D'HUEZ, France"]
[Date "2023.08.25"]
[Round "7.7"]
[White "LISSILOUR, Baptiste"]
[Black "PRODHOMME, Boris"]
[Result "1-0"]
[ECO "E73"]
[WhiteElo "2198"]
[BlackElo "2043"]
[PlyCount "81"]
[EventDate "2023.08.??"]
[TimeControl "1/40+30:0"]

1. d4 {26} Nf6 {10} 2. c4 {8} g6 {10} 3. Nc3 {6} Bg7 {3} 4. e4 {5} d6 {9} 5.
Be2 {28} O-O {12} 6. h4 {6} c5 {567} 7. d5 {11} b5 {20} 8. cxb5 {99} a6 {14} 9.
a4 {5} axb5 {36} 10. Bxb5 {2} e6 {392} 11. h5 {740} exd5 {902} 12. h6 {606} Bh8
{35} 13. exd5 {16} Bb7 {821} 14. Nf3 {439} Nbd7 {404} 15. O-O {1097} Nb6 {479}
16. Bg5 {538} Nbxd5 {424} 17. Nxd5 {157} Bxd5 {90} 18. Bxf6 {77} Bxf3 {6} 19.
Bxd8 {64} Bxd1 {4} 20. Be7 {39} Bb3 {58} 21. Bxf8 {62} Kxf8 {6} 22. a5 {68}
Bxb2 {307} 23. Rae1 {659} Rb8 {279} 24. Re8+ {952} Rxe8 {27} 25. Bxe8 {4} Kxe8
{219} 26. Rb1 {5} Bc3 {139} 27. Rxb3 {6} Bxa5 {4} 28. Kf1 {195} Kd7 {398} 29.
Ke2 {1} Bd8 {103} 30. Rb8 {181} d5 {172} 31. Kd3 {32} Bg5 {104} 32. Rb7+ {144}
Ke6 {14} 33. Rc7 {102} c4+ {103} 34. Kd4 {25} Bf6+ {9} 35. Ke3 {36} Be5 {131}
36. Rc6+ {31} Kf5 {84} 37. g3 {40} d4+ {77} 38. Ke2 {0} c3 {26} 39. f4 {28} Bh8
{57} 40. Kf3 {20} g5 {36} 41. g4# {6} 1-0

[Event "Championnat de France Alpe d'Huez 2023 "]
[Site "ALPE D'HUEZ, France"]
[Date "2023.08.25"]
[Round "7.8"]
[White "TRABET, Nicolas"]
[Black "ZIENKIEWICZ, Jan"]
[Result "0-1"]
[ECO "D38"]
[WhiteElo "2133"]
[BlackElo "2177"]
[PlyCount "98"]
[EventDate "2023.08.??"]
[TimeControl "1/40+30:0"]

1. c4 {1} Nf6 {19} 2. Nc3 {5} e6 {42} 3. d4 {18} d5 {14} 4. cxd5 {9} exd5 {7}
5. Bg5 {14} Bb4 {28} 6. Nf3 {58} h6 {100} 7. Bh4 {122} O-O {54} 8. e3 {63} Bf5
{14} 9. Bd3 {79} Bxd3 {107} 10. Qxd3 {7} c6 {1076} 11. O-O {149} Nbd7 {23} 12.
a3 {394} Bd6 {140} 13. b4 {81} Qe7 {212} 14. b5 {462} Rfe8 {257} 15. Nd2 {966}
Bxh2+ {1125} 16. Kxh2 {22} Ng4+ {7} 17. Kg3 {14} Qe6 {9} 18. f3 {1675} Nxe3 {
766} 19. Kf2 {7} Nf5 {330} 20. Bg3 {203} Qg6 {400} 21. Bf4 {108} Qf6 {7} 22.
Kg1 {581} g5 {380} 23. Be5 {20} Nxe5 {9} 24. dxe5 {4} Rxe5 {60} 25. Rfe1 {190}
Rae8 {25} 26. Rxe5 {43} Rxe5 {171} 27. bxc6 {190} bxc6 {31} 28. Nf1 {10} Qd6 {
63} 29. Ne2 {213} Qc5+ {144} 30. Kh1 {20} Qf2 {102} 31. Ng1 {129} h5 {327} 32.
Nh3 {50} Qh4 {17} 33. Kg1 {41} g4 {67} 34. fxg4 {107} hxg4 {11} 35. Nf2 {13} c5
{126} 36. Qd1 {144} Nh6 {84} 37. Rb1 {106} Rf5 {21} 38. Qd2 {149} d4 {53} 39.
Ne4 {80} Kg7 {78} 40. Nfg3 {119} Rd5 {0} 41. Qd3 {274} Qe7 {140} 42. Rc1 {387}
Re5 {291} 43. Qc4 {416} Rxe4 {209} 44. Nxe4 {8} Qxe4 {2} 45. Qxc5 {57} Nf5 {286
} 46. Rd1 {470} g3 {222} 47. Rc1 {130} Qe3+ {129} 48. Kh1 {6} d3 {396} 49. Qc6
{10} f6 {45} 0-1

[Event "Championnat de France Alpe d'Huez 2023 "]
[Site "ALPE D'HUEZ, France"]
[Date "2023.08.26"]
[Round "8.5"]
[White "OUNGRE, Laurent"]
[Black "LISSILOUR, Baptiste"]
[Result "0-1"]
[ECO "B22"]
[WhiteElo "1978"]
[BlackElo "2198"]
[PlyCount "40"]
[EventDate "2023.08.??"]
[TimeControl "1/40+30:0"]

1. e4 {38} c5 {125} 2. d4 {0} cxd4 {20} 3. c3 {7} Nf6 {178} 4. e5 {7} Nd5 {3}
5. Nf3 {5} Nc6 {13} 6. Bc4 {12} Nb6 {8} 7. Bb3 {3} d5 {8} 8. exd6 {7} Qxd6 {4}
9. O-O {11} Be6 {5} 10. Na3 {35} dxc3 {213} 11. Bxe6 {8} Qxe6 {658} 12. Nb5 {
127} Rc8 {2002} 13. Bf4 {195} cxb2 {347} 14. Rb1 {16} Qxa2 {111} 15. Qe2 {445}
e6 {162} 16. Ne5 {1081} Nd5 {461} 17. Bg3 {55} Nxe5 {271} 18. Qxe5 {525} Qxb1 {
126} 19. Nc3 {73} Qxf1+ {52} 20. Kxf1 {2} Nxc3 {11} 0-1